 Dungeon Crawl Stone Soup version 0.22-a0-617-g6d95e9e (webtiles) character file.

112350 galech the Slayer (level 16, 0/197 HPs)
             Began as an Ogre Berserker on July 11, 2018.
             Was a High Priest of Trog.
             Killed from afar by a deep elf mage (28 damage)
             ... with a bolt of negative energy
             ... on level 1 of the Elven Halls on July 12, 2018.
             The game lasted 01:14:34 (42366 turns).

galech the Slayer (Ogre Berserker)                 Turns: 42366, Time: 01:14:36

Health: 0/197      AC:  4    Str: 25    XL:     16   Next: 60%
Magic:  16/16      EV: 14    Int:  8    God:    Trog [*****.]
Gold:   519        SH: 16    Dex: 13    Spells: 15/15 levels left

rFire    + . .     SeeInvis .   x - +9 flail (venom)
rCold    . . .     Gourm    .   r - +1 shield {AC+3}
rNeg     . . .     Faith    .   L - +2 robe {rF+}
rPois    +         Spirit   .   (helmet restricted)
rElec    .         Reflect  +   b - scarf {repulsion}
rCorr    +         Harm     .   (gloves unavailable)
MR       +++..                  (boots unavailable)
Stlth    +++.......             J - amulet of Gauskus {Reflect Slay+3 SH+5}
HPRegen  1.42/turn              B - ring of resist corrosion
MPRegen  0.15/turn              A - ring of poison resistance

@: about to teleport, corroded, regenerating, heavily drained, repel missiles
A: large, unfitting armour, blurry vision 1, tough skin 1
a: Berserk, Trog's Hand, Brothers in Arms, Renounce Religion


You were on level 1 of the Elven Halls.
You worshipped Trog.
Trog was extremely pleased with you.
You were hungry.

You visited 4 branches of the dungeon, and saw 24 of its levels.
You also visited: Bailey.

You collected 2267 gold pieces.
You spent 1748 gold pieces at shops.

Inventory:

Hand Weapons
 x - a +9 flail of venom (weapon)
 I - a +0 bardiche of freezing
 Y - the +10 dark maul {crush}
   (You found it on level 5 of the Lair of Beasts)

   It inflicts extra damage upon your enemies.
Armour
 b - a scarf of repulsion (worn)
 o - a +0 cloak
 q - a +0 large shield
 r - a +1 shield of protection (worn)
 w - the +0 robe of Henotheism {rElec MR+ Int-3}
   (You found it on level 5 of the Dungeon)

   It affects your intelligence (-3).
   It insulates you from electricity.
   It affects your resistance to hostile enchantments.
 L - a +2 robe of fire resistance (worn)
Jewellery
 f - an uncursed ring of stealth
 k - an uncursed ring of protection from cold
 p - a +3 amulet of reflection {unknown}
 t - a +3 ring of strength {unknown}
 A - a ring of poison resistance (right hand)
 B - a ring of resist corrosion (left hand)
 H - an uncursed ring of stealth
 J - the amulet of Gauskus (around neck) {Reflect Slay+3 SH+5}
   (You bought it in a shop on level 2 of the Orcish Mines)

   [amulet of reflection]

   It shields you and reflects attacks.
   It affects your accuracy and damage with ranged weapons and melee attacks
   (+3).
   It affects your SH (+5).
 K - an uncursed amulet of regeneration
 O - an uncursed ring of protection from cold
 S - an uncursed ring of protection from magic
 T - an uncursed ring of positive energy
Wands
 y - a wand of flame (26)
 Z - a wand of digging (29)
Scrolls
 a - 4 scrolls of enchant armour
 h - 12 scrolls of remove curse
 i - a scroll of summoning
 j - 2 scrolls of identify
 l - 4 scrolls of teleportation
 s - 3 scrolls of fear
 G - 2 scrolls of fog
 P - 5 scrolls of magic mapping
 Q - a scroll of enchant weapon
 R - 5 scrolls of amnesia
 U - 3 scrolls of immolation
 W - 2 scrolls of brand weapon
Potions
 d - 10 potions of curing
 e - 8 potions of haste
 g - 4 potions of might
 m - 9 potions of heal wounds
 n - 2 potions of brilliance
 u - 4 potions of cancellation
 v - 2 potions of magic
 z - 6 potions of lignification
 C - 3 potions of flight
 D - 2 potions of resistance
 F - a potion of agility {unknown}
 M - a potion of berserk rage {unknown}
 N - 4 potions of mutation
 X - 2 potions of ambrosia
Comestibles
 c - 30 rations
 E - a chunk of flesh


   Skills:
 + Level 21.0(17.4) Fighting
 + Level 15.4(12.2) Maces & Flails
 + Level 12.8(9.8) Dodging
 + Level 7.8(5.1) Stealth
 + Level 8.0(5.3) Shields


You had 15 spell levels left.
You didn't know any spells.
Your spell library was empty.

Dungeon Overview and Level Annotations

Branches:
Dungeon (15/15)            Temple (0/1) D:6            Lair (6/6) D:9
  Swamp (0/4) Lair:4       Spider (0/4) Lair:2        Slime (0/5) Lair:6
    Orc (2/2) D:11            Elf (1/3) Orc:2        Vaults (0/5) D:14
 Depths (0/5) D:15

Altars:
Fedhas
Gozag
Nemelex Xobeh
Okawaru
Ru
Sif Muna
Vehumet
Wu Jian
Zin
The Shining One
Beogh
Jiyva

Shops:
D:7 ?   D:9 (?(   D:11 *}   D:14 *   Orc:1 ?   Orc:2 *!=(

Annotations:
Lair:1 exclusion: oklob plant


Innate Abilities, Weirdness & Mutations

You are too large for most types of armour.
You have tough skin. (AC +1)
Scrolls take you a little longer to read.


Message History

Really read with blurry vision while enemies are nearby?
You begin reading the scroll.
You continue reading the scroll.
The rust devil hits you!
* * * LOW HITPOINT WARNING * * *
The rust devil corrodes you!
As you read the scroll of teleportation, it crumbles to dust.
You feel strangely unstable.
You feel much better. The deep elf mage casts a spell at you.
The bolt of negative energy hits the rust devil.
The rust devil completely resists.
The bolt of negative energy hits you!
You feel drained.
* * * LOW HITPOINT WARNING * * *
The rust devil hits you.
* * * LOW HITPOINT WARNING * * *
The deep elf mage gestures at you while chanting.
The bolt of negative energy hits the rust devil.
The rust devil completely resists.
The bolt of negative energy hits you!
You feel drained.
You die...

.# #.# .. ##......# +## #.#
..####+#...##.## ..# #.# #+##+#
#.#............ ..# #.# #.##.#
#.)...e...##.. ..# #.# #.##.#
###...)....##.. ..# #.# #.##.#
#.......)..##.. ..# #.# #.##.#
#.##...#'####..
..###.######.##.###3.....#..# #..
..'.............@4er##)##....##..
.#################eer..#......#..
## #..##.#.....$#.. #
#..s..##....##.. #..##.###.[###..
##....# #### #.. ###### ##. ##


You could see a sun demon, a deep elf archer, a rust devil, 2 deep elf magi, a
tarantella (wandering) and 2 hell rats.

Vanquished Creatures
  Frances (D:14)
  A frost giant (D:15)
  A stone giant (Orc:1)
  The ghost of Ynaistral the Bludgeoner, a journeyman MiFi of Zin (D:13)
  A deep elf demonologist (Elf:1)
  A deep elf annihilator (Elf:1)
  Snorg (Lair:4)
  10 hydras
  A naga warrior (D:13)
  3 ogre magi
  12 two-headed ogres
  4 centaur warriors
  A catoblepas (D:14)
  A tengu warrior (D:13)
  3 dancing weapons (Elf:1)
  6 orc high priests
  A vampire mage (D:15)
  Nergalle (Lair:3)
  3 deep elf knights (Elf:1)
  2 slime creatures (D:15)
  5 skeletal warriors
  5 unseen horrors
  10 orc knights
  A lindwurm (Lair:5)
  A wizard (D:15)
  3 deep elf archers
  2 wolf spider zombies (D:15)
  A necromancer (D:14)
  22 deep elf magi
  3 orc sorcerers (Orc:2)
  An orb spider (shapeshifter) (D:14)
  3 ugly things
  A frost giant zombie (D:15)
  An oklob plant (Lair:4)
  A salamander (shapeshifter) (D:13)
  4 cyclopes
  A centaur zombie (D:14)
  Joseph (Lair:1)
  2 black mambas
  15 spiny frogs
  A torpor snail (Lair:5)
  5 rime drakes
  A kobold demonologist (D:14)
  6 komodo dragons
  3 tengu conjurers
  2 efreet
  A guardian mummy (D:15)
  A harpy zombie (D:15)
  6 polar bears (Lair:6)
  2 trolls
  2 jumping spiders (Lair:2)
  4 hornets
  Grinder (D:6)
  12 hippogriffs
  13 blink frogs
  A fire dragon zombie (D:15)
  2 spriggan zombies (D:15)
  A bog body (Lair:4)
  8 dream sheep (Lair:6)
  5 redbacks (Lair:2)
  Sigmund (D:3)
  14 spriggans
  3 shadows
  A centaur simulacrum (D:14)
  2 basilisks
  2 wyverns
  2 wraiths
  6 yaks (Lair:5)
  Eustachio (D:4)
  3 fire elementals (Elf:1)
  2 hungry ghosts
  A hog (shapeshifter) (Elf:1)
  3 vampire mosquitoes
  A swamp worm (Lair:4)
  2 wargs
  Duvessa (D:4)
  6 water moccasins
  46 orc warriors
  5 porcupines
  5 sky beasts
  4 black bears
  A hornet zombie (D:11)
  3 phantoms (D:14)
  3 ice beasts
  An eye of draining (D:15)
  21 wolves (Lair:6)
  5 boggarts
  16 ogres
  14 centaurs
  10 crocodiles
  2 big kobolds
  23 bullfrogs
  A gnoll sergeant (D:6)
  2 earth elementals (Elf:1)
  A wyvern zombie (D:11)
  Dowan (D:4)
  A water moccasin skeleton (D:8)
  5 scorpions
  11 killer bees
  A howler monkey (D:6)
  7 wights
  An electric eel (Lair:4)
  5 crimson imps
  A bullfrog zombie (D:10)
  8 hounds
  2 quasits
  A wyvern simulacrum (D:14)
  6 centaur skeletons
  5 jellies
  16 orc wizards
  2 bullfrog skeletons
  24 orc priests
  Crazy Yiuf (D:2)
  2 gnoll shamans
  3 iguanas
  Ijyb (D:3)
  Natasha (thrice) (D:2)
  12 worker ants
  Terence (D:3)
  A hound zombie (D:5)
  2 hound skeletons
  27 gnolls
  9 adders
  2 shadow imps
  2 oozes (D:1)
  An adder skeleton (D:9)
  3 adder zombies
  A worm (D:3)
  3 dart slugs
  4 leopard geckos
  104 orcs
  4 giant cockroaches
  13 goblins
  8 hobgoblins
  19 jackals
  17 kobolds
  5 quokkas
  A ball python (D:2)
  3 bats
  A frilled lizard (D:1)
  A leopard gecko skeleton (D:8)
  10 rats
  A plant (Lair:6)
791 creatures vanquished.

Vanquished Creatures (collateral kills)
  A swamp worm (Lair:4)
  A crocodile (Lair:4)
2 creatures vanquished.

Vanquished Creatures (others)
  An orc knight (D:15)
  A cyclops (D:15)
  A centaur (D:12)
  A kobold (D:3)
  33 fungi
  16 plants
  10 withered plants (D:15)
63 creatures vanquished.

Grand Total: 856 creatures vanquished

Notes
Turn   | Place    | Note
-------+----------+-------------------------------------------
     0 | D:1      | galech the Ogre Berserker began the quest for the Orb.
     0 | D:1      | Reached XP level 1. HP: 24/24 MP: 1/1
   187 | D:1      | Reached XP level 2. HP: 24/32 MP: 2/2
   737 | D:1      | Reached XP level 3. HP: 40/40 MP: 3/3
  1316 | D:2      | Found a runed door.
  1320 | D:2      | Noticed Crazy Yiuf
  1326 | D:2      | Killed Crazy Yiuf
  1326 | D:2      | Reached XP level 4. HP: 49/49 MP: 4/4
  1447 | D:2      | Noticed Natasha
  1459 | D:2      | Killed Natasha
  1569 | D:2      | Reached ** piety under Trog
  1768 | D:2      | Noticed a sky beast
  1780 | D:2      | Killed a sky beast
  1780 | D:2      | Reached skill level 5 in Fighting
  1780 | D:2      | Reached XP level 5. HP: 57/57 MP: 5/5
  1985 | D:2      | Noticed Natasha
  2003 | D:2      | Killed Natasha
  2003 | D:2      | Reached skill level 1 in Stealth
  2003 | D:2      | Reached XP level 6. HP: 48/66 MP: 6/6
  2022 | D:2      | Noticed Natasha
  2105 | D:2      | Killed Natasha
  2175 | D:3      | Noticed Ijyb
  2198 | D:3      | Killed Ijyb
  2363 | D:3      | Noticed Sigmund
  2379 | D:3      | Killed Sigmund
  2379 | D:3      | Reached skill level 5 in Maces & Flails
  2379 | D:3      | Reached XP level 7. HP: 66/72 MP: 7/7
  2858 | D:3      | Noticed Terence
  2878 | D:3      | Killed Terence
  3281 | D:4      | Noticed Eustachio
  3284 | D:4      | Noticed Dowan
  3286 | D:4      | Noticed Duvessa
  3323 | D:4      | Killed Duvessa
  3479 | D:4      | Killed Eustachio
  3479 | D:4      | Reached *** piety under Trog
  3573 | D:3      | Reached skill level 6 in Fighting
  3779 | D:4      | Killed Dowan
  3779 | D:4      | Reached XP level 8. HP: 83/83 MP: 8/8
  4336 | D:4      | Reached skill level 5 in Dodging
  5064 | D:5      | Entered Level 5 of the Dungeon
  5283 | D:5      | Got a shimmering robe
  5294 | D:5      | Identified the cursed +0 robe of Henotheism {rElec MR+ Int-3} (You found it on level 5 of the Dungeon)
  6215 | D:5      | Reached skill level 7 in Fighting
  6567 | D:6      | Found a staircase to the Ecumenical Temple.
  6877 | D:6      | Reached XP level 9. HP: 90/93 MP: 9/9
  6899 | D:6      | Noticed Grinder
  6920 | D:6      | Killed Grinder
  7318 | D:6      | Found a deep blue altar of Sif Muna.
  7395 | D:6      | Reached skill level 8 in Fighting
  7793 | D:6      | Received a gift from Trog
  9144 | D:6      | HP: 6/145 [killer bee (3)]
  9152 | D:6      | HP: 4/145 [poisoned by a killer bee]
  9157 | D:6      | HP: 3/97 [poisoned by a killer bee]
  9162 | D:6      | HP: 3/97 [poisoned by a killer bee]
  9577 | D:6      | Reached skill level 9 in Fighting
 10045 | D:7      | Reached XP level 10. HP: 104/107 MP: 10/10
 10087 | D:7      | Found an iron altar of Okawaru.
 10368 | D:7      | Found Vuasm's Magic Scroll Emporium.
 10373 | D:7      | Bought a scroll of teleportation for 45 gold pieces
 10373 | D:7      | Bought a scroll of identify for 30 gold pieces
 10373 | D:7      | Bought a scroll of fog for 30 gold pieces
 10373 | D:7      | Bought a scroll of fog for 30 gold pieces
 10373 | D:7      | Bought a scroll of identify for 30 gold pieces
 10965 | D:8      | Noticed a two-headed ogre
 11320 | D:8      | Killed a two-headed ogre
 11320 | D:8      | Reached skill level 10 in Fighting
 11659 | D:8      | Found a blossoming altar of Fedhas.
 11660 | D:8      | Found a sparkling altar of Nemelex Xobeh.
 11662 | D:8      | Found an opulent altar of Gozag.
 11681 | D:8      | Found an iron altar of Okawaru.
 11681 | D:8      | Found a radiant altar of Vehumet.
 11681 | D:8      | Found a glowing silver altar of Zin.
 11681 | D:8      | Found a sacrificial altar of Ru.
 11682 | D:8      | Found a glowing golden altar of the Shining One.
 11788 | D:8      | Reached **** piety under Trog
 12256 | D:9      | Found Yptupno's Weapon Boutique.
 12620 | D:9      | Found Rauxif's Weapon Boutique.
 12755 | D:9      | Found Coanompeno's Magic Scroll Boutique.
 12765 | D:9      | Bought a scroll of magic mapping for 52 gold pieces
 12765 | D:9      | Bought a scroll of identify for 30 gold pieces
 12791 | D:9      | Found a staircase to the Lair.
 13174 | D:10     | Entered Level 10 of the Dungeon
 13289 | D:10     | Reached skill level 10 in Maces & Flails
 13318 | D:10     | Found a flagged portal.
 13370 | Bailey   | Entered a bailey
 14394 | Bailey   | Reached XP level 11. HP: 93/119 MP: 11/11
 14990 | Bailey   | Reached skill level 11 in Fighting
 15293 | Bailey   | Noticed an orc knight
 15419 | Bailey   | Killed an orc knight
 15615 | D:10     | Found a blossoming altar of Fedhas.
 16387 | Lair:1   | Entered Level 1 of the Lair of Beasts
 16727 | Lair:1   | Noticed Joseph
 16728 | Lair:1   | Noticed an oklob plant
 16876 | Lair:1   | Reached skill level 12 in Fighting
 16994 | Lair:1   | Killed Joseph
 17845 | Lair:2   | Reached ***** piety under Trog
 17863 | Lair:2   | Reached skill level 13 in Fighting
 18016 | Lair:2   | Found a hole to the Spider Nest.
 18023 | Lair:2   | Reached skill level 5 in Stealth
 18358 | Lair:2   | Reached XP level 12. HP: 136/136 MP: 12/12
 18775 | Lair:2   | Noticed a four-headed hydra
 18790 | Lair:2   | Killed a four-headed hydra
 18812 | Lair:2   | HP: 4/137 [blink frog (16)]
 19271 | Lair:2   | Reached skill level 14 in Fighting
 19714 | Lair:3   | Noticed a five-headed hydra
 19723 | Lair:3   | Killed a five-headed hydra
 20017 | Lair:3   | Found an ornate altar of the Wu Jian Council.
 20053 | Lair:3   | Noticed Nergalle
 20061 | Lair:3   | Killed Nergalle
 21027 | Lair:4   | Reached skill level 15 in Fighting
 21650 | Lair:4   | Found a staircase to the Swamp.
 22032 | Lair:4   | Noticed Snorg
 22042 | Lair:4   | Reached XP level 13. HP: 87/150 MP: 13/13
 22051 | Lair:4   | Killed Snorg
 22724 | Lair:5   | Found the +10 dark maul {crush}
 22773 | Lair:5   | Reached skill level 16 in Fighting
 23654 | Lair:5   | Found a runed door.
 23675 | Lair:5   | Reached skill level 10 in Dodging
 24249 | Lair:6   | Entered Level 6 of the Lair of Beasts
 24991 | Lair:6   | Reached skill level 17 in Fighting
 25411 | Lair:6   | Found a viscous altar of Jiyva.
 25412 | Lair:6   | Found a staircase to the Slime Pits.
 26402 | Lair:6   | Reached skill level 18 in Fighting
 26868 | Lair:6   | Received a gift from Trog
 26994 | Lair:6   | Reached XP level 14. HP: 113/170 MP: 14/14
 28483 | D:11     | HP: 5/170 [skeletal warrior/hand axe[a skeletal warrior] (17)]
 28484 | D:11     | HP: 1/170 [skeletal warrior/hand axe[a skeletal warrior] (5)]
 28958 | D:11     | Found a staircase to the Orcish Mines.
 28993 | D:11     | Found Pann's General Store.
 29425 | D:11     | Found Qeigak's Gadget Boutique.
 29546 | D:11     | Upgraded the game from 0.22-a0-612-gd2f0174 to 0.22-a0-617-g6d95e9e
 29566 | Orc:1    | Entered Level 1 of the Orcish Mines
 29655 | Orc:2    | Entered Level 2 of the Orcish Mines
 30420 | Orc:1    | Reached skill level 19 in Fighting
 31518 | Orc:1    | Reached skill level 1 in Shields
 31690 | Orc:2    | Found a staircase to the Elven Halls.
 33000 | Orc:2    | Received a gift from Trog
 33524 | Orc:2    | Found a roughly hewn altar of Beogh.
 33834 | Orc:2    | Found Muipits's Antique Weapon Shop.
 33834 | Orc:2    | Found Usuvirug's Jewellery Emporium.
 33836 | Orc:2    | Found Doheadastra's Distillery.
 33836 | Orc:2    | Found Ahawn's General Store.
 33847 | Orc:2    | Bought the amulet of Gauskus {Reflect Slay+3 SH+5} for 851 gold pieces
 33856 | Orc:2    | Bought a scroll of identify for 26 gold pieces
 33856 | Orc:2    | Bought a potion of heal wounds for 65 gold pieces
 33857 | Orc:2    | Bought a potion of heal wounds for 85 gold pieces
 33857 | Orc:2    | Bought a potion of heal wounds for 85 gold pieces
 33892 | Orc:1    | Noticed a stone giant
 33898 | Orc:1    | Killed a stone giant
 34313 | Orc:2    | Reached XP level 15. HP: 69/183 MP: 15/15
 35029 | Orc:1    | Found Cyptu's Magic Scroll Boutique.
 35221 | Orc:2    | Bought a potion of curing for 51 gold pieces
 35221 | Orc:2    | Bought a potion of heal wounds for 85 gold pieces
 35221 | Orc:2    | Bought a potion of curing for 51 gold pieces
 35279 | D:12     | Received a gift from Trog
 36582 | D:13     | Found a runed gate.
 36583 | D:13     | Found a runed gate.
 36583 | D:13     | Noticed Ynaistral's ghost (journeyman MiFi)
 36584 | D:13     | Found a runed gate.
 36591 | D:13     | Found an iron altar of Okawaru.
 36807 | D:13     | Killed Ynaistral's ghost
 37223 | D:14     | Found Siceqofep's General Store.
 37362 | D:14     | Reached skill level 20 in Fighting
 37362 | D:14     | Reached skill level 5 in Shields
 37556 | D:14     | Reached skill level 15 in Maces & Flails
 37590 | D:14     | Noticed Frances
 37602 | D:14     | Killed Frances
 37830 | D:14     | Received a gift from Trog
 38206 | D:14     | Found an iron altar of Okawaru.
 38971 | D:14     | Found a gate to the Vaults.
 39032 | D:14     | Bought a scroll of enchant armour for 120 gold pieces
 39138 | Orc:1    | Bought a scroll of enchant armour for 82 gold pieces
 39366 | D:15     | Entered Level 15 of the Dungeon
 39827 | D:15     | Found a staircase to the Depths.
 39829 | D:15     | Noticed a frost giant
 39834 | D:15     | Reached XP level 16. HP: 178/195 MP: 16/16
 41125 | Elf:1    | Entered Level 1 of the Elven Halls
 41219 | Elf:1    | Received a gift from Trog
 41222 | Elf:1    | Got a warped dagger {god gift}
 41223 | Elf:1    | Identified the +1 dagger "Avuxzot" {venom, Fragile rElec rC+ Dex+3} (Trog gifted it to you on level 1 of the Elven Halls)
 42242 | Elf:1    | Gained mutation: Scrolls take you a little longer to read. [a cacodemon]
 42250 | Elf:1    | Reached skill level 21 in Fighting
 42366 | Elf:1    | Killed from afar by a deep elf mage

Vault maps used:
D:1:      minmay_arrival_four_houses, kennysheep_crisscross,
          minmay_misc_feat_nine_boxes
D:2:      uniq_crazy_yiuf_cottage, uniq_natasha
D:3:      first_ration, uniq_terence, uniq_sigmund, uniq_ijyb
D:4:      uniq_duvessa, uniq_eustachio
D:6:      minmay_temple_entry_purple_smoke, led_sif_book, uniq_grinder
D:7:      serial_shops, kennysheep_little_box, the_bakery, okawaru_trees_2
D:8:      grunt_temple_overflow_open, st_stairs_13
D:9:      david_lair_shrubbed, serial_shops, shop_statue, nicolae_shop_crystal,
          shop_scrolls
D:10:     enter_bailey_7, fedhas_altar_fruit_tree
D:11:     orc_0_dummy, serial_shops, shop, nicolae_shop_statue_plus
D:13:     gammafunk_ghost_fury_of_okawaru, minmay_misc_feat_five,
          dk_noncrumbling_2, grunt_ministairs_10
D:14:     wad_guarded_room, hangedman_vaults_entry_quadrant_bands,
          nicolae_two_hexagons, basic_altar, serial_shops,
          nicolae_shop_waterfront, uniq_frances
D:15:     gammafunk_depths_entry_grave, dispersion_dpeg
Lair:1:   enter_volcano_4, minmay_lair_oklob_chamber, uniq_joseph
Lair:2:   nicolae_spider_entry_tight_spaces, grunt_megastairs_2
Lair:3:   basic_altar, uniq_nergalle
Lair:4:   nicolae_swamp_entry_splash_gauntlet, uniq_snorg
Lair:5:   pf_torpor_hydra, grunt_megastairs_3, lemuel_fruit_tree,
          serial_bayou_shore_b
Lair:6:   minmay_lair_end_enchanted_forest, slime_altar_1, serial_bayou_shore_b
Orc:1:    serial_shops, nicolae_shop_behind_doors
Orc:2:    grunt_orc_tribal_feast, minmay_orc_temple_c
Elf:1:    minmay_elf_arrival_plus, hangedman_elf_represent, grunt_ministairs_1,
          grunt_megastairs_4
Bailey:   bailey_polearm_2, bailey

Skill      XL: |  1  2  3  4  5  6  7  8  9 10 11 12 13 14 15 16 |
---------------+-------------------------------------------------+-----
Dodging        | 3 4 5 6 7 8 9 10 11 12 | 12.8
Maces & Flails | 3 4 5 6 7 8 10 11 13 14 15 | 15.4
Fighting       | 5 6 7 9 10 13 15 18 19 20 21 | 21.0
Stealth        | 1 2 3 4 5 6 7 |  7.8
Shields        | 3 6 8 |  8.0

Action                   |  1- 3 |  4- 6 |  7- 9 | 10-12 | 13-15 | 16-18 || total
-------------------------+-------+-------+-------+-------+-------+-------++-------
Melee: Mace              |   114 |    89 |   326 |       |       |       ||   529
       Flail             |       |       |   235 |   648 |  1212 |   293 ||  2388
       Maul              |       |       |       |       |    23 |       ||    23
Invok: Berserk           |     1 |     4 |    14 |    16 |    17 |     4 ||    56
       Trog's Hand       |       |       |     9 |    10 |     7 |     5 ||    31
       Brothers in Arms  |       |       |       |     1 |       |       ||     1
  Use: Scroll            |       |       |       |    26 |    11 |     2 ||    39
       Potion            |       |       |       |       |     1 |     1 ||     2
 Stab: Sleeping          |     1 |     3 |    13 |    17 |    20 |     3 ||    57
       Held in net/web   |       |       |       |     1 |       |       ||     1
       Distracted        |       |       |       |       |     3 |       ||     3
  Eat: Chunk             |     1 |     4 |    25 |    38 |    52 |     9 ||   129
       Ration            |       |     1 |     5 |     6 |     7 |     2 ||    21
Armor: Animal skin       |    40 |    24 |    70 |       |       |       ||   134
       Robe              |       |       |    59 |    56 |   131 |    42 ||   288
Dodge: Dodged            |    84 |    64 |   518 |   511 |   596 |    95 ||  1868
       Deflected         |       |       |     1 |    20 |    12 |     8 ||    41
Block: Shield            |       |       |       |       |   464 |   180 ||   644
       Reflection        |       |       |       |       |    34 |     8 ||    42

Table legend:
 A = Spawn XP
 B = Non-spawn XP
 C = Spawn XP percentage of total XP
 D = Spawn monster count
 E = Non-spawn monster count
 F = Spawn count percentage of total count
 G = Total turns spent on level
                    A         B        C        D         E        F      G
               +---------+---------+-------+---------+---------+-------+---------
         Total |       0 |  160501 |   0.0 |       0 |     795 |   0.0 | 42366
               +---------+---------+-------+---------+---------+-------+---------
           D:1 |       0 |      44 |   0.0 |       0 |      19 |   0.0 |  1009
           D:2 |       0 |     321 |   0.0 |       0 |      25 |   0.0 |  1140
           D:3 |       0 |     408 |   0.0 |       0 |      31 |   0.0 |  1214
           D:4 |       0 |     711 |   0.0 |       0 |      33 |   0.0 |  1701
           D:5 |       0 |     644 |   0.0 |       0 |      19 |   0.0 |  2215
           D:6 |       0 |    1794 |   0.0 |       0 |      40 |   0.0 |  2171
           D:7 |       0 |    1491 |   0.0 |       0 |      27 |   0.0 |  1688
           D:8 |       0 |    1770 |   0.0 |       0 |      18 |   0.0 |  1091
           D:9 |       0 |    1368 |   0.0 |       0 |      17 |   0.0 |  1157
          D:10 |       0 |    1189 |   0.0 |       0 |      21 |   0.0 |   870
          D:11 |       0 |    7712 |   0.0 |       0 |      31 |   0.0 |  1990
          D:12 |       0 |    3596 |   0.0 |       0 |      20 |   0.0 |   760
          D:13 |       0 |    9797 |   0.0 |       0 |      24 |   0.0 |   995
          D:14 |       0 |   20792 |   0.0 |       0 |      57 |   0.0 |  2328
          D:15 |       0 |   17236 |   0.0 |       0 |      39 |   0.0 |  1313
        Lair:1 |       0 |    4659 |   0.0 |       0 |      20 |   0.0 |  1465
        Lair:2 |       0 |    7172 |   0.0 |       0 |      23 |   0.0 |  1893
        Lair:3 |       0 |    3947 |   0.0 |       0 |      10 |   0.0 |  1310
        Lair:4 |       0 |    6398 |   0.0 |       0 |      25 |   0.0 |  1751
        Lair:5 |       0 |    5614 |   0.0 |       0 |      18 |   0.0 |  1880
        Lair:6 |       0 |   16516 |   0.0 |       0 |      70 |   0.0 |  3179
         Orc:1 |       0 |    8360 |   0.0 |       0 |      62 |   0.0 |  2287
         Orc:2 |       0 |   15026 |   0.0 |       0 |      80 |   0.0 |  3522
         Elf:1 |       0 |   21495 |   0.0 |       0 |      41 |   0.0 |  1241
        Bailey |       0 |    2441 |   0.0 |       0 |      25 |   0.0 |  2196
               +---------+---------+-------+---------+---------+-------+---------
